 Dungeon Crawl Stone Soup version 0.20.1-1-g8b1a95d (webtiles) character file.

63 Gargoyl the Skirmisher (level 3, 0/34 HPs)
             Began as a Minotaur Abyssal Knight on Sept 2, 2017.
             Was a Follower of Lugonu.
             Slain by Sigmund
             ... wielding a +3 scythe of freezing
              (1 damage)
             ... on level 2 of the Dungeon.
             The game lasted 00:02:19 (1118 turns).

Gargoyl the Skirmisher (Minotaur Abyssal Knight)    Turns: 1118, Time: 00:02:21

Health: 0/34       AC: 11    Str: 16    XL:     3   Next: 89%
Magic:  3/3        EV:  5    Int:  9    God:    Lugonu [*.....]
Gold:   84         SH:  0    Dex: 10    Spells: 2/2 levels left

rFire    . . .     SeeInvis .   l - +1 hand axe (freeze)
rCold    . . .     Gourm    .   (no shield)
rNeg     . . .     Faith    .   d - +0 plate armour
rPois    .         Spirit   .   (helmet restricted)
rElec    .         Reflect  .   (no cloak)
rCorr    .         Harm     .   (no gloves)
MR       .....                  (no boots)
Stlth    ..........             (no amulet)
Regen    0.2/turn               (no ring)
MPRegen  0.1/turn               (no ring)

@: no status effects
A: retaliatory headbutt, horns 2
a: Depart the Abyss, Renounce Religion


You were on level 2 of the Dungeon.
You worshipped Lugonu.
Lugonu was aware of your devotion.
You were not hungry.

You visited 1 branch of the dungeon, and saw 2 of its levels.
You visited the Abyss 1 time.

You collected 84 gold pieces.

Inventory:

Hand Weapons
 a - a +1 hand axe
 l - a +1 hand axe of freezing (weapon)
Armour
 b - a +0 leather armour
 d - a +0 plate armour (worn)
Jewellery
 f - an uncursed ring of magical power {unknown}
 h - a cursed ring of teleportation {unknown}
Wands
 k - a wand of flame (21/48)
Scrolls
 i - a scroll of magic mapping
 j - 2 scrolls of teleportation
Potions
 e - 2 potions of heal wounds {unknown}
 g - a potion of curing {unknown}
 n - a potion of degeneration {unknown}
Comestibles
 c - a bread ration
 m - 2 chunks of flesh


   Skills:
 + Level 4.3 Fighting
 + Level 3.0 Axes
 * Level 3.7 Armour
 + Level 1.2 Dodging
 * Level 2.2 Invocations


You had 2 spell levels left.
You didn't know any spells.

Dungeon Overview and Level Annotations

Branches:
Dungeon (2/15)

Altars:

Annotations:
D:2 Sigmund


Innate Abilities, Weirdness & Mutations

You reflexively headbutt those who attack you in melee.
You have a pair of horns on your head.


Message History

Your plate armour prevents you from hitting the adder.
The adder bites you but does no damage. The adder barely misses you.
Sigmund points at you and mumbles some strange words.
The magic dart hits you!
Unknown command.
You hit Sigmund.
Sigmund is moderately wounded.
You miss the adder. The adder bites you but does no damage.
Sigmund gestures at you while chanting. The magic dart hits you!
* * * LOW HITPOINT WARNING * * *
Unknown command.
You closely miss Sigmund. You headbutt Sigmund, but do no damage.
Sigmund is moderately wounded.
You hit the adder. You freeze the adder. The adder bites you.
* * * LOW HITPOINT WARNING * * *
Sigmund hits you with a scythe of freezing.
* * * LOW HITPOINT WARNING * * *
Sigmund freezes you.
You die...

*,* **,***,*,* ####........
*,***,,,*#.#.# #........###
*,,,,,,,,..#.###.##..#..# #
*****,,,,........*#.##..###
*,,**#..>..#**#.##.....
*,,* #.....# ##.##.####
***,,* #.....# #.....#
*,...* #S....# #..####
*,#..# #@@...# #..# #,#..#
#.##### #..# #.#..# #.#
#..###### #(#..#*#.#
#.......# #.....*#.##
##.####.#
######..###..#######.# *,*#
#...>................# *,..
#.#####)####.######### **##
### #.###...[))...#


You could see Sigmund and an adder.

Vanquished Creatures
  Terence (D:2)
  An ooze (D:1)
  A leopard gecko (D:2)
  A giant cockroach (D:2)
  4 goblins
  5 hobgoblins
  6 bats
  3 frilled lizards (D:1)
  6 kobolds
  3 rats
31 creatures vanquished.

Vanquished Creatures (others)
  A goblin (D:2)
1 creature vanquished.

Grand Total: 32 creatures vanquished

Notes
Turn   | Place    | Note
-------+----------+-------------------------------------------
     0 | Abyss:1  | Gargoyl the Minotaur Abyssal Knight began the quest for the Orb.
     0 | Abyss:1  | Reached XP level 1. HP: 19/19 MP: 1/1
    52 | Abyss:2  | Found a corrupted altar of Lugonu.
   101 | Abyss:3  | Noticed a raiju
   119 | Abyss:3  | Noticed an efreet
   120 | Abyss:3  | Noticed a small abomination
   125 | Abyss:4  | Found a corrupted altar of Lugonu.
   135 | Abyss:4  | Noticed a small abomination
   138 | Abyss:4  | Noticed a starcursed mass
   139 | Abyss:4  | Noticed a large abomination
   146 | D:1      | Escaped the Abyss
   364 | D:1      | Reached * piety under Lugonu
   492 | D:1      | Reached XP level 2. HP: 21/27 MP: 2/2
   639 | D:1      | Reached skill level 4 in Fighting
   945 | D:2      | Noticed Terence
   956 | D:2      | Killed Terence
   956 | D:2      | Reached XP level 3. HP: 28/34 MP: 3/3
  1112 | D:2      | Noticed Sigmund
  1118 | D:2      | HP: 1/34 [Sigmund/scythe of freezing (2)]
  1118 | D:2      | Slain by Sigmund

Skill      XL: |  1  2  3 |
---------------+----------+-----
Invocations    | 2 |  2.2
Fighting       | 4 |  4.3
Armour         | 3 |  3.7
Axes           | 3 |  3.0
Dodging        | |  1.2

Action                   || total
-------------------------++-------
Melee: Hand axe          ||    93
       Headbutt          ||    16
Invok: Depart the Abyss  ||     1
  Use: Scroll            ||     4
  Eat: Chunk             ||     1
Armor: Plate armour      ||   100
Dodge: Dodged            ||    32
